 Dungeon Crawl Stone Soup version 0.19-a0-1740-g0bcaf2e (webtiles) character file.

3329 gottagoquickly the Cleaver (level 9, -10/82 HPs)
             Began as a Minotaur Berserker on Oct 1, 2016.
             Was a Priest of Trog.
             Mangled by a cyclops (25 damage)
             ... on level 11 of the Dungeon.
             The game lasted 00:12:40 (2315 turns).

gottagoquickly the Cleaver (Minotaur Berserker)     Turns: 2315, Time: 00:12:41

Health: -10/82     AC: 11    Str: 22    XL:     9   Next: 71%
Magic:  8/8        EV:  9    Int:  5    God:    Trog [***...]
Gold:   228        SH:  0    Dex: 12    Spells: 0 memorised, 8 levels left

rFire  . . .     SeeInvis .     a - +0 war axe
rCold  . . .     Gourm    .     y - +0 chain mail
rNeg   . . .     Faith    .     (no shield)
rPois  .         Spirit   .     (helmet restricted)
rElec  .         Dismiss  .     (no cloak)
rCorr  .         Reflect  .     (no gloves)
MR     ++...     Harm     .     (no boots)
Stlth  ..........               (no amulet)
                                (no ring)
                                g - ring of wizardry

@: regenerating
A: retaliatory headbutt, horns 2
a: Berserk, Trog's Hand, Burn Spellbooks, Renounce Religion


You were on level 11 of the Dungeon.
You worshipped Trog.
Trog was most pleased with you.
You were hungry.

You visited 1 branch of the dungeon, and saw 11 of its levels.

You collected 228 gold pieces.

Inventory:

Hand Weapons
 a - a +0 war axe (weapon)
 o - a +0 hand axe
Missiles
 e - 3 tomahawks (quivered)
Armour
 b - a +0 animal skin
 k - a +0 ring mail
 q - the +0 ring mail "Ysoniplu" {rElec Stlth+}
   (You found it on level 5 of the Dungeon)

   It insulates you from electricity.
   It makes you more stealthy.
 r - a +0 scale mail
 y - a +0 chain mail (worn)
Jewellery
 g - a ring of wizardry (left hand)
Wands
 w - a wand of paralysis (8/24)
 A - a wand of disintegration (6/24)
Scrolls
 f - 4 scrolls of remove curse
 h - a scroll of random uselessness {unknown}
 l - a scroll of fog
 s - 2 scrolls of teleportation {unknown}
 t - a scroll of noise {unknown}
 v - 2 scrolls of enchant weapon {unknown}
 C - a scroll of amnesia {unknown}
Potions
 j - 2 potions of flight
 m - 2 potions of curing
 p - a potion of cancellation {unknown}
 u - a potion of might {unknown}
 x - a potion of haste
 D - a potion of mutation {unknown}
Comestibles
 c - 2 meat rations
 d - 5 bread rations
 i - a beef jerky
 n - a fruit
 z - a slice of pizza
 B - 11 chunks of flesh


   Skills:
 + Level 8.7 Fighting
 * Level 12.1 Axes
 + Level 8.6 Armour
 - Level 2.1 Dodging


You had 8 spell levels left.
You didn't know any spells.

Dungeon Overview and Level Annotations

Branches:
Dungeon (11/15)              Lair (0/6) D:10
 Temple: D:4-7          Orc: D:9-12

Altars:
Makhleb
Ru
Sif Muna
Trog
Xom

Annotations:
D:5 gottagoquickly's ghost, amateur MiBe


Innate Abilities, Weirdness & Mutations

You reflexively headbutt those who attack you in melee.
You have a pair of horns on your head.


Message History

The cyclops shouts!
Found a stone staircase leading up.
There is a stone staircase leading up here.
Unknown command.
You're too exhausted to go berserk.
The cyclops throws a large rock.
The large rock hits you!
You see here a large rock.
The cyclops hits you!!
* * * LOW HITPOINT WARNING * * *
You feel better.
Your skin crawls.
You feel resistant to hostile enchantments.
You are feeling hungry.
The cyclops closely misses you.
Unknown command.
You hit the cyclops.
The cyclops is lightly wounded.
You feel less exhausted. The cyclops hits you!!
You die...

.. .. #. #.
##. #..######
##..#....#
#...<....##
#.....(@C.#
#...<.....#
#..........#
#..........#
#..........#
#..##........#
#.. ###......#
#. ####..##


You could see a cyclops.

Vanquished Creatures
  Erica (D:10)
  A hill giant (D:10)
  2 trolls (D:10)
  Eustachio (D:6)
  A phantom (D:8)
  5 ogres
  2 centaurs (D:8)
  A wolf (D:10)
  A bullfrog (D:6)
  Blork the orc (D:4)
  A scorpion (D:10)
  An electric eel (D:10)
  A howler monkey (D:5)
  A crimson imp (D:4)
  4 hounds (D:10)
  3 bullfrog skeletons
  2 orc priests (D:8)
  An iguana (D:4)
  A centaur skeleton (D:8)
  Terence (D:3)
  4 worker ants
  A worker ant zombie (D:7)
  9 adders
  A shadow imp (D:8)
  A leopard gecko (D:3)
  16 orcs
  2 giant cockroaches
  3 goblins
  4 hobgoblins
  7 jackals
  2 bats (D:3)
  3 kobolds (D:3)
  2 quokka skeletons
  A quokka zombie (D:5)
  3 rats (D:3)
91 creatures vanquished.

Notes
Turn   | Place    | Note
-------+----------+-------------------------------------------
     0 | D:1      | gottagoquickly the Minotaur Berserker began the quest for the Orb.
     0 | D:1      | Reached XP level 1. HP: 19/19 MP: 0/0
    84 | D:3      | Reached skill level 4 in Axes
    84 | D:3      | Reached XP level 2. HP: 27/27 MP: 1/1
   187 | D:2      | Reached XP level 3. HP: 33/33 MP: 2/2
   239 | D:3      | Found a faded altar of an unknown god.
   352 | D:3      | Reached skill level 3 in Armour
   373 | D:3      | Reached skill level 5 in Axes
   421 | D:3      | Reached ** piety under Trog
   421 | D:3      | Reached XP level 4. HP: 35/40 MP: 3/3
   431 | D:3      | Reached skill level 4 in Fighting
   505 | D:3      | where are the staaaaaairs
   514 | D:3      | Noticed Terence
   517 | D:3      | Killed Terence
   520 | D:3      | you are not the stairs, fuck off
   709 | D:4      | Found a bloodstained altar of Trog.
   737 | D:4      | Found a shimmering altar of Xom.
   738 | D:4      | Found a burning altar of Makhleb.
   744 | D:4      | Reached XP level 5. HP: 47/47 MP: 4/4
   933 | D:4      | Found a sacrificial altar of Ru.
   961 | D:4      | Reached skill level 6 in Axes
  1004 | D:4      | Noticed Blork the orc
  1011 | D:4      | Killed Blork the orc
  1011 | D:4      | Reached skill level 4 in Armour
  1063 | D:5      | Entered Level 5 of the Dungeon
  1072 | D:5      | Got a translucent ring mail
  1081 | D:5      | Noticed gottagoquickly's ghost (amateur MiBe)
  1082 | D:5      | Noticed an ogre
  1082 | D:5      | Reached XP level 6. HP: 50/55 MP: 5/5
  1104 | D:4      | Identified the +0 ring mail "Ysoniplu" {rElec Stlth+} (You found it on level 5 of the Dungeon)
  1144 | D:4      | Reached skill level 5 in Fighting
  1144 | D:4      | Reached skill level 7 in Axes
  1370 | D:5      | Reached skill level 5 in Armour
  1371 | D:5      | Reached XP level 7. HP: 61/61 MP: 6/6
  1399 | D:5      | Found a deep blue altar of Sif Muna.
  1433 | D:6      | Noticed Eustachio
  1455 | D:6      | Killed Eustachio
  1455 | D:6      | Reached skill level 8 in Axes
  1582 | D:8      | Reached skill level 6 in Fighting
  1643 | D:8      | Reached skill level 6 in Armour
  1646 | D:8      | Reached skill level 9 in Axes
  1646 | D:8      | Reached XP level 8. HP: 31/70 MP: 7/7
  1814 | D:8      | Reached *** piety under Trog
  2018 | D:10     | Entered Level 10 of the Dungeon
  2103 | D:10     | Noticed Erica
  2103 | D:10     | Noticed a troll
  2117 | D:10     | Killed a troll
  2117 | D:10     | Reached skill level 7 in Fighting
  2117 | D:10     | Reached skill level 10 in Axes
  2117 | D:10     | Reached skill level 7 in Armour
  2125 | D:10     | Killed Erica
  2125 | D:10     | Reached skill level 11 in Axes
  2125 | D:10     | Reached XP level 9. HP: 49/81 MP: 8/8
  2201 | D:10     | Noticed a troll
  2201 | D:10     | Reached skill level 8 in Armour
  2205 | D:10     | Reached skill level 8 in Fighting
  2221 | D:10     | Killed a troll
  2240 | D:10     | Found a staircase to the Lair.
  2260 | D:10     | Noticed a hill giant
  2272 | D:10     | Killed a hill giant
  2272 | D:10     | Reached skill level 12 in Axes
  2309 | D:11     | Noticed a cyclops
  2312 | D:11     | HP: 8/82 [cyclops (28)]
  2315 | D:11     | Mangled by a cyclops

Vault maps used:
D:1:      mrwooster_arrival_statue_2, minmay_misc_feat_rows
D:2:      minivault_19, lemuel_blue_sif_altar
D:3:      ecumenical_altar_1, uniq_terence
D:4:      grunt_temple_overflow_champion_of_chaos, hangedman_ru_absence,
          bloody_trog, first_bread, uniq_blork_the_orc
D:5:      grunt_temple_overflow_cloverleaf, serial_shops, shop
D:6:      st_stairs_3, uniq_eustachio
D:8:      hangedman_pestilent_swarm, st_stairs_11
D:9:      gammafunk_temple_overflow_forgotten
D:10:     erik_lair_island, uniq_erica, uniq_josephine
D:11:     fedhas_bush_and_centaur_altar

Skill      XL: |  1  2  3  4  5  6  7  8  9 |
---------------+----------------------------+-----
Axes           | 4 5 6 7 9 11 12 | 12.1
Armour         | 3 4 5 6 7 8 |  8.6
Fighting       | 4 5 6 7 8 |  8.7
Dodging        | |  2.1

Action                   |  1- 3 |  4- 6 |  7- 9 || total
-------------------------+-------+-------+-------++-------
Melee: Hand axe          |    49 |    91 |    87 ||   227
       Headbutt          |     5 |    16 |    38 ||    59
       War axe           |       |       |    47 ||    47
Invok: Berserk           |     3 |     4 |     7 ||    14
       Trog's Hand       |       |     1 |     3 ||     4
Evoke: Wand              |       |       |     1 ||     1
  Use: Scroll            |       |     1 |     3 ||     4
       Potion            |       |       |     1 ||     1
  Eat: Chunk             |     1 |     6 |    11 ||    18
       Pizza             |       |     1 |       ||     1
Armor: Animal skin       |     9 |       |       ||     9
       Ring mail         |     3 |    19 |       ||    22
       Scale mail        |       |     6 |    19 ||    25
       Chain mail        |       |       |    38 ||    38
Dodge: Dodged            |    27 |    64 |    68 ||   159
